 Dungeon Crawl Stone Soup version 0.30-a0-166-g5d06c95188 (webtiles) character file.

Game seed: 14922412844230718404

109626 Decritt the Earth Mage (level 16, -9/106 HPs)
             Began as a Gargoyle Earth Elementalist on Sept 29, 2022.
             Was a High Priest of Vehumet.
             Shot with an arrow by a satyr (29 damage)
             ... on level 2 of the Shoals.
             The game lasted 01:41:25 (39828 turns).

Decritt the Earth Mage (GrEE)                      Turns: 39828, Time: 01:41:26

Health: -9/106     AC: 31    Str:  9    XL:     16   Next: 52%
Magic:  1/31       EV: 13    Int: 28    God:    Vehumet [*****.]
Gold:   1857       SH:  8    Dex: 10    Spells: 25/37 levels left

rFire   + . .      SeeInvis +    P - +8 trident "Sohugg" {pain, +Blink Will+ Int+4 SInv}
rCold   + + .      Faith    .    I - +0 kite shield
rNeg    + + +      Spirit   .    L - +4 troll leather armour {Snorg}
rPois   ∞          Reflect  .    p - +3 helmet "Newibup" {Drain rC+ rN++ rCorr}
rElec   +          Harm     .    G - scarf {rC+ rF+}
rCorr   +          Rampage  .    i - +1 pair of gloves
Will    +++..                    (no boots)
Stlth   +++.......               q - amulet of regeneration
HPRegen 1.87/turn                K - ring of Fallacy {Will+ Str-3 SInv Stlth+}
MPRegen 0.22/turn                e - +4 ring of protection

@: flying
A: sickness immunity, AC +12, big wings, negative energy resistance 1,
electricity resistance, torment resistance 1, petrification resistance
a: Renounce Religion, Evoke Blink


You were on level 2 of the Shoals.
You worshipped Vehumet.
Vehumet was extremely pleased with you.
You visited 5 branches of the dungeon, and saw 25 of its levels.
You visited 1 bazaar.
You also visited: Sewer, Ice Cave and Volcano.

You collected 2474 gold pieces.
You spent 617 gold pieces at shops.

Inventory:

Hand Weapons
 P - the +8 trident "Sohugg" (weapon) {pain, +Blink Will+ Int+4 SInv}
   (You found it on level 13 of the Dungeon)

   In the hands of one skilled in necromantic magic, it inflicts extra damage on
   living creatures.
   Int:       It affects your intelligence (+4).
   SInv:      It lets you see invisible.
   +Blink:    It lets you blink.
   Will:      It increases your willpower.
Missiles
 f - a throwing net
Armour
 i - a +1 pair of gloves (worn)
 p - the +3 helmet "Newibup" (worn) {Drain rC+ rN++ rCorr}
   (You found it on level 10 of the Dungeon)

   rC:        It protects you from cold.
   rN:        It greatly protects you from negative energy.
   rCorr:     It protects you from acid and corrosion.
   Drain:     It drains your maximum health when unequipped.
 G - a scarf of resistance (worn)
 I - a +0 kite shield (worn)
 L - a +4 troll leather armour (worn) {Snorg}
Magical Staves
 v - a staff of conjuration
Jewellery
 e - a +4 ring of protection (right hand)
 n - the ring of Tapo {Wiz rElec}
   (You found it on level 8 of the Dungeon)

   [ring of wizardry]

   It improves your spell success rate.
   rElec:     It insulates you from electricity.
 q - an amulet of regeneration (around neck)
 t - an amulet of reflection
 z - a ring of protection from cold
 K - the ring of Fallacy (left hand) {Will+ Str-3 SInv Stlth+}
   (You found it in an ice cave)

   [ring of see invisible]

   Str:       It affects your strength (-3).
   SInv:      It lets you see invisible.
   Will:      It increases your willpower.
   Stlth:     It makes you more stealthy.
Wands
 j - a wand of polymorph (15)
 C - a wand of roots (13)
 E - a wand of flame (28)
 H - a wand of light (6)
 O - a wand of paralysis (18)
Scrolls
 a - 2 scrolls of brand weapon
 b - 4 scrolls of fear
 c - 6 scrolls of poison
 d - 3 scrolls of magic mapping
 g - 3 scrolls of silence
 h - 11 scrolls of teleportation
 m - 7 scrolls of amnesia
 r - 9 scrolls of identify
 w - 3 scrolls of enchant weapon
 y - 2 scrolls of torment
 A - 2 scrolls of fog
 F - 5 scrolls of blinking
 R - a scroll of enchant armour
Potions
 k - 4 potions of brilliance
 l - 4 potions of heal wounds
 o - 8 potions of curing
 u - 3 potions of berserk rage
 x - 6 potions of haste
 B - 4 potions of mutation
 J - 2 potions of ambrosia
 Q - a potion of cancellation


   Skills:
 - Level 14.0 Fighting
 - Level 3.5 Polearms
 - Level 6.6 Armour
 - Level 10.2 Dodging
 - Level 2.1 Stealth
 + Level 5.0 Shields
 + Level 11.0 Spellcasting
 - Level 14.2 Conjurations
 - Level 0.7 Transmutations
 * Level 16.9 Earth Magic


You had 25 spell levels left.
You knew the following spells:

 Your Spells              Type           Power      Damage    Failure   Level
a - Stone Arrow           Conj/Erth      100%       3d13      1%          3
b - Iron Shot             Conj/Erth      40%        9d8       1%          6
c - Passwall              Tmut/Erth      50%        N/A       1%          2
e - Sandblast             Erth           100%       2d20      0%          1

Your spell library contained the following spells:

 Spells                   Type           Power      Damage    Failure   Level
 Lightning Bolt           Conj/Air       26%        1d42      5%          5
 Searing Ray              Conj           100%       2d8       1%          2
 Dazzling Flash           Conj/Hex       100%       N/A       1%          3
 Hailstorm                Conj/Ice       53%        3d12      1%          3
 Petrify                  Tmut/Erth      60%        N/A       3%          4
 Freeze                   Ice            60%        1d8       4%          1
 Irradiate                Conj/Tmut      27%        3d20      5%          5
 Frozen Ramparts          Ice            30%        1d5       11%         3
 Necrotise                Necr           60%        1d7       14%         1
 Tukima's Dance           Hex            15%        N/A       38%         3
 Yara's Violent Unravell  Hex/Tmut       8%         3d5       58%         5
 Animate Dead             Necr           15%        N/A       80%         4
 Cause Fear               Hex            7%         N/A       80%         4
 Passage of Golubria      Tloc           15%        N/A       80%         4
 Shatter                  Erth           42%        3d33*     95%         9
 Agony                    Necr           15%        N/A       98%         5
 Silence                  Hex/Air        7%         N/A       98%         5
 Summon Forest            Summ/Tloc      7%         N/A       98%         5
 Summon Mana Viper        Hex/Summ       15%        N/A       98%         5
 Summon Cactus Giant      Summ           7%         N/A       100%        6
 Dragon Form              Tmut           9%         N/A       100%        7
 Chain Lightning          Conj/Air       26%        3d35      100%        9
 Dragon's Call            Summ           7%         N/A       100%        9
 Fire Storm               Conj/Fire      26%        8d7       100%        9
 Sublimation of Blood     Necr           Unusable   N/A       N/A         2

Dungeon Overview and Level Annotations

Branches:
Dungeon (15/15)            Temple (1/1) D:6            Lair (5/5) D:10
 Shoals (2/4) Lair:2        Snake (0/4) Lair:2        Slime (0/5) Lair:5
    Orc (2/2) D:11            Elf (0/3) Orc:2        Vaults (0/5) D:13
 Depths (0/4) D:15          Sewer (visited)           IceCv (visited)
Volcano (visited)

Altars:
Ashenzari
Cheibriados
Elyvilon
Gozag
Hepliaklqana
Kikubaaqudgha
Okawaru
Qazlal
Ru
Sif Muna
Trog
Uskayaw
Vehumet
Wu Jian
Xom
Zin
The Shining One
Jiyva

Shops:
D:6 (   D:9 :   Orc:1 (   Orc:2 [:*!

Annotations:
D:1 1 transporter
D:6 1 runed translucent door, bughunter42's ghost, novice MiBe
D:9 2 transporters, jehirs's ghost, novice HOMo


Innate Abilities, Weirdness & Mutations

You are immune to sickness and miasma.
Your stone body is resilient. (AC +12)
You are immune to poison.
Your large and strong wings let you fly.
You resist negative energy. (rN+)
You are resistant to electric shocks. (rElec)
You are resistant to unholy torment.
You are immune to petrification.


Message History

You reach to attack!
You hit the snapping turtle.
The snapping turtle is almost dead.
The merfolk hits you from afar with a +0 trident!
The satyr unwields a +0 club.
The satyr wields a +0 longbow.
The satyr shoots an arrow.
The arrow hits you. You block the snapping turtle's attack.
You reach to attack!
You barely miss the snapping turtle.
The snapping turtle is almost dead.
You block the merfolk's attack.
The snapping turtle bites you from afar.
The satyr shoots an arrow.
The arrow hits you! The merfolk misses you.
You block the snapping turtle's attack.
Casting: Iron Shot (dangerous; 1% risk of failure)
Confirm with . or Enter, or press ? or * to list all spells.
Aiming: Iron Shot (dangerous; 1% risk of failure)
Press: ? - help, Shift-Dir - straight line, f/p - snapping turtle
Aim: a snapping turtle (almost dead, 92% to hit)
The iron shot hits the snapping turtle!!!
You kill the snapping turtle!
Vehumet accepts your kill. The merfolk closely misses you.
You barely miss the satyr.
The satyr shoots an arrow.
You block the arrow. You block the merfolk's attack.
You hit the satyr.
The satyr is lightly wounded.
The merfolk hits you from afar with a +0 trident!
The satyr shoots an arrow.
The arrow misses you.
You closely miss the satyr.
The satyr is lightly wounded.
The merfolk hits you from afar with a +0 trident!
The satyr shoots an arrow.
The arrow barely misses you.
You barely miss the satyr.
The satyr is lightly wounded.
The satyr shoots an arrow.
The arrow hits you!!
* * * LOW HITPOINT WARNING * * *
The merfolk hits you from afar with a +0 trident!
* * * LOW HITPOINT WARNING * * *
The merfolk hits you but does no damage.
The satyr shoots an arrow.
The arrow hits you!!
You die...

......~~~~>~~~~~~~
.......~~~~~~~~~~~
~....~~~~~~~~~~~~~
~~...~~~~~~~~~~~~~
~~~...~~~~~~~~~~~~
~~~~.~~~~~~~~~~~~~
(~~~~~~~m[~~)~~~~.
.~~~~~~~)c@# ~
.~~~~~.~)~##..~~
.~~~~~~~~~....~~.
.~~~~~~~~~.....~~
.~~~~~~~~...##.~~
.~~~~~~~...## ..
~~~~~~~~....
~~~~~~~~~~~..
...~~~~~~~~~~


You could see a satyr and a merfolk.

Vanquished Creatures
  Mlioglotl (Shoals:1)
  An emperor scorpion (D:15)
  Azrael (D:15)
  A red draconian (Volcano)
  4 dire elephants
  Nessos (Lair:3)
  Snorg (D:13)
  2 merfolk javelineers (Shoals:1)
  7 hydras
  An ice dragon (D:13)
  A catoblepas (D:15)
  4 two-headed ogres
  A merfolk avatar (Shoals:1)
  A boulder beetle (Lair:4)
  2 merfolk aquamancers
  6 centaur warriors
  4 orc high priests
  2 sun demons (D:15)
  A spectral death yak (Lair:5)
  A soul eater (D:15)
  A skeletal warrior (D:14)
  A spectral anaconda (Lair:5)
  Lodul (D:11)
  An obsidian statue (Lair:5)
  Pikel (D:6)
  A swamp dragon (shapeshifter) (D:13)
  4 harpies (Shoals:1)
  4 necromancers (Lair:5)
  8 orc knights
  4 deep elf pyromancers
  7 ugly things
  3 fauns (Shoals:1)
  3 oklob plants (Lair:5)
  4 orc sorcerers
  10 manticores
  A salamander (D:15)
  8 cyclopes
  13 elephants
  A merfolk siren (Shoals:2)
  A water nymph (Shoals:1)
  A smoke demon (D:15)
  A black mamba (Lair:3)
  Joseph (D:9)
  3 ice statues (IceCv)
  A torpor snail (Lair:2)
  A gargoyle (D:12)
  An orange demon (D:15)
  17 cane toads
  Maggie (Lair:1)
  An unseen horror (shapeshifter) (D:13)
  6 rime drakes
  2 yaktaurs (Volcano)
  8 komodo dragons
  2 freezing wraiths
  An ice devil (D:14)
  An efreet (D:15)
  11 merfolk
  A tengu conjurer (D:15)
  3 trolls
  A wind drake (Shoals:1)
  A meliai (D:14)
  A polar bear (Lair:2)
  A polar bear (shapeshifter) (D:13)
  Grinder (D:5)
  8 dream sheep
  A slime creature (shapeshifter) (D:10)
  A hornet (D:10)
  12 blink frogs
  5 snapping turtles
  17 slime creatures
  2 dire elephant simulacra
  2 wraiths
  2 ynoxinuls (D:15)
  A yak (shapeshifter) (D:13)
  A vampire (D:10)
  3 fire elementals
  10 water elementals
  2 shadows
  59 yaks
  4 wyverns
  3 basilisks
  2 steam dragons
  2 vampire mosquitoes (D:14)
  5 death yak simulacra
  Grum (D:8)
  2 wargs
  3 nagas (Lair:2)
  10 water moccasins
  A hydra simulacrum (IceCv)
  2 acid dragons
  A hell hound (D:14)
  20 orc warriors
  6 black bears
  2 elephant zombies (Lair:5)
  10 ogres
  2 ice beasts
  19 wolves
  An elephant skeleton (Lair:5)
  13 centaurs
  2 kobold brigands
  10 bullfrogs
  2 gnoll sergeants
  2 necrophages
  A scorpion (D:4)
  2 cane toad simulacra (IceCv)
  7 wights
  6 killer bees (D:10)
  4 elephant simulacra
  An electric eel (Lair:1)
  5 howler monkeys
  3 vampire bats (D:6)
  A lava snake (D:13)
  16 orc priests
  2 gnoll boudas
  8 hounds
  5 iguanas
  Jessica (D:2)
  Natasha (thrice) (D:3)
  7 hell rats
  Ijyb (D:5)
  15 orc wizards
  3 polar bear simulacra (IceCv)
  A wolf simulacrum (IceCv)
  8 adders
  32 gnolls
  2 river rats (Sewer)
  3 worms
  3 dart slugs
  68 orcs
  13 bats
  11 endoplasms
  A giant cockroach (D:1)
  2 goblins
  8 hobgoblins
  4 jackals
  2 quokkas
  3 training dummies (D:6)
  6 ball pythons
  6 frilled lizards
  18 kobolds
  8 rats
  A butterfly (Lair:2)
730 creatures vanquished.

Vanquished Creatures (others)
  A human (D:10)
  26 fungi
  56 plants
  20 withered plants (Lair:5)
103 creatures vanquished.

Grand Total: 833 creatures vanquished

Notes
Turn   | Place    | Note
-------+----------+-------------------------------------------
     0 | D:1      | Decritt the Gargoyle Earth Elementalist began the quest for
                  | the Orb.
     0 | D:1      | Reached XP level 1. HP: 10/10 MP: 3/3
   223 | D:1      | Reached XP level 2. HP: 9/16 MP: 1/5
   800 | D:1      | Reached skill level 1 in Fighting
   870 | D:1      | Reached skill level 1 in Conjurations
   874 | D:1      | Reached skill level 4 in Earth Magic
   931 | D:1      | Reached XP level 3. HP: 20/20 MP: 2/6
   935 | D:1      | Learned a level 3 spell: Stone Arrow
   938 | D:1      | Learned a level 2 spell: Passwall
  1292 | D:1      | Found a faded altar of an unknown god.
  1372 | D:2      | Reached XP level 4. HP: 23/26 MP: 2/7
  1713 | D:2      | Noticed Jessica
  1718 | D:2      | Killed Jessica
  1954 | D:2      | Reached XP level 5. HP: 30/30 MP: 6/9
  1993 | D:2      | You fall into a shaft and drop 1 floor!
  1998 | D:3      | Noticed Natasha
  2003 | D:3      | Killed Natasha
  2058 | D:3      | Found a glowing drain.
  2068 | Sewer    | Entered a sewer
  2424 | Sewer    | Noticed a kobold brigand
  2447 | Sewer    | Killed a kobold brigand
  2448 | Sewer    | Reached skill level 5 in Earth Magic
  2448 | Sewer    | Reached XP level 6. HP: 37/37 MP: 5/10
  2663 | Sewer    | Found a white marble altar of Elyvilon.
  2758 | D:3      | Noticed Natasha
  2764 | D:3      | Killed Natasha
  2787 | D:3      | Noticed Natasha
  2809 | D:3      | Killed Natasha
  3590 | D:3      | Reached XP level 7. HP: 35/42 MP: 8/11
  4189 | D:4      | Reached skill level 1 in Armour
  4417 | D:4      | Reached skill level 6 in Earth Magic
  4708 | D:4      | Reached XP level 8. HP: 44/48 MP: 6/12
  4956 | D:5      | Entered Level 5 of the Dungeon
  5019 | D:5      | Reached skill level 5 in Conjurations
  5082 | D:5      | Reached skill level 5 in Fighting
  5197 | D:5      | Noticed Grinder
  5205 | D:5      | Killed Grinder
  5206 | D:5      | Reached skill level 7 in Earth Magic
  6032 | D:5      | Noticed Ijyb
  6041 | D:5      | Killed Ijyb
  6481 | D:6      | Found a staircase to the Ecumenical Temple.
  6497 | D:6      | Found a runed translucent door.
  6508 | Temple   | Entered the Ecumenical Temple
  6630 | Temple   | Became a worshipper of Vehumet
  6677 | D:6      | Noticed bughunter42's ghost (novice MiBe)
  6724 | D:6      | Found a glowing golden altar of the Shining One.
  6842 | D:6      | Found Lyteum's Firing Range.
  6884 | D:6      | Reached XP level 9. HP: 55/55 MP: 12/15
  7568 | D:7      | Noticed Pikel
  7569 | D:7      | Reached skill level 8 in Earth Magic
  7712 | D:6      | Killed Pikel
  7791 | D:6      | Reached * piety under Vehumet
  7791 | D:6      | Offered knowledge of Foxfire by Vehumet.
  7985 | D:7      | Found a shimmering altar of Xom.
  7989 | D:7      | Identified the +7 hand axe of Buateaqu {drain, +Blink rF+
                  | Stlth+}
  8125 | D:7      | Found an ornate altar of the Wu Jian Council.
  8167 | D:7      | Reached skill level 5 in Spellcasting
  8273 | D:7      | Found a hazy altar of Hepliaklqana.
  8628 | D:8      | Reached XP level 10. HP: 63/63 MP: 15/17
  8632 | D:8      | Identified the ring of Tapo {Wiz rElec}
  8803 | D:8      | Identified the +0 plate armour of Discretion {MP+9 Str-3
                  | Dex+4}
  8988 | D:8      | Noticed Grum
  8994 | D:8      | Reached skill level 9 in Earth Magic
  8995 | D:8      | Killed Grum
  9466 | D:9      | Reached ** piety under Vehumet
  9466 | D:9      | Offered knowledge of Magic Dart by Vehumet.
  9607 | D:9      | Found Navvitas's Book Boutique.
  9669 | D:9      | Found a stormy altar of Qazlal.
  9816 | D:9      | Found a transporter.
  9817 | D:9      | Noticed jehirs's ghost (novice HOMo)
  9820 | D:9      | Noticed a four-headed hydra
  9833 | D:9      | Found a transporter.
  9882 | D:9      | Noticed a moth of wrath
  9967 | D:9      | Noticed Joseph
  9978 | D:9      | Killed Joseph
 10128 | D:9      | Reached skill level 5 in Armour
 10491 | D:10     | Entered Level 10 of the Dungeon
 10682 | D:10     | Found an ancient bone altar of Kikubaaqudgha.
 10916 | D:10     | Offered knowledge of Searing Ray by Vehumet.
 10922 | D:10     | Reached skill level 10 in Earth Magic
 10925 | D:10     | Learned a level 2 spell: Searing Ray
 11086 | D:10     | Found a staircase to the Lair.
 11211 | D:10     | Reached XP level 11. HP: 69/69 MP: 14/20
 11215 | D:10     | Reached skill level 5 in Dodging
 11258 | D:10     | Noticed a six-headed hydra
 11260 | D:10     | Noticed a manticore
 11267 | D:10     | Noticed a deep elf pyromancer
 11267 | D:10     | a manticore changed into a steelbarb worm
 11267 | D:10     | Noticed a steelbarb worm (shapeshifter)
 11273 | D:10     | a steelbarb worm changed into a merfolk
 11275 | D:10     | Killed a deep elf pyromancer
 11278 | D:10     | a torpor snail changed into a glowing orange brain
 11278 | D:10     | Noticed a glowing orange brain (shapeshifter)
 11319 | D:10     | a glowing orange brain changed into a tyrant leech
 11361 | D:10     | Killed a six-headed hydra
 11450 | D:10     | Identified the +3 helmet "Newibup" {Drain rC+ rN++ rCorr}
 11704 | D:11     | Reached *** piety under Vehumet
 11903 | D:11     | Noticed a two-headed ogre
 11915 | D:10     | Killed a two-headed ogre
 12291 | D:11     | Offered knowledge of Mephitic Cloud by Vehumet.
 12301 | D:11     | Found a staircase to the Orcish Mines.
 12301 | D:11     | Noticed Lodul
 12636 | D:11     | Killed Lodul
 12954 | D:11     | Noticed a two-headed ogre
 12960 | D:11     | Killed a two-headed ogre
 12961 | D:11     | Reached skill level 11 in Earth Magic
 13093 | D:11     | Noticed an orc knight
 13107 | D:11     | Killed an orc knight
 13107 | D:11     | Reached **** piety under Vehumet
 13256 | D:11     | Noticed a cyclops
 13262 | D:11     | Killed a cyclops
 13886 | D:12     | Reached XP level 12. HP: 77/77 MP: 12/23
 14093 | D:12     | Noticed a centaur warrior
 14108 | D:12     | Killed a centaur warrior
 14778 | D:12     | Reached skill level 10 in Fighting
 15057 | D:12     | Offered knowledge of Airstrike by Vehumet.
 15581 | Lair:1   | Entered Level 1 of the Lair of Beasts
 15581 | Lair:1   | Noticed Maggie
 15589 | Lair:1   | Killed Maggie
 16682 | Lair:1   | Reached skill level 12 in Earth Magic
 17058 | Lair:1   | Reached skill level 10 in Conjurations
 17287 | Lair:2   | Noticed a seven-headed hydra
 17292 | Lair:2   | Killed a seven-headed hydra
 17490 | Lair:2   | Reached ***** piety under Vehumet
 17490 | Lair:2   | Offered knowledge of Iron Shot by Vehumet.
 17692 | Lair:2   | Learned a level 6 spell: Iron Shot
 17765 | Lair:2   | Reached XP level 13. HP: 40/84 MP: 14/25
 18334 | Lair:2   | Found a white marble altar of Elyvilon.
 18418 | Lair:2   | Found a staircase to the Snake Pit.
 19048 | Lair:2   | Found a staircase to the Shoals.
 19737 | Lair:3   | Found a frozen archway.
 19745 | Lair:3   | Reached skill level 13 in Earth Magic
 19850 | IceCv    | Entered an ice cave
 20642 | IceCv    | Identified the ring of Fallacy {Will+ Str-3 SInv Stlth+}
 20649 | IceCv    | Identified the +1 whip of the Twelve Interlopers {drain,
                  | rC+++ Int+3 SInv Stlth-}
 20730 | Lair:3   | Found a stormy altar of Qazlal.
 20929 | Lair:3   | Noticed Nessos
 20931 | Lair:3   | Killed Nessos
 22051 | Lair:4   | Identified the +1 chain mail of Akhlujis {rN+ Stlth+}
 22792 | Lair:4   | Gained mutation: Your large and strong wings let you fly.
                  | [Gargoyle growth]
 22792 | Lair:4   | Reached XP level 14. HP: 92/92 MP: 21/27
 23162 | Lair:5   | Entered Level 5 of the Lair of Beasts
 23724 | Lair:5   | Reached skill level 14 in Earth Magic
 24426 | Lair:5   | Found a viscous altar of Jiyva.
 24426 | Lair:5   | Found a staircase to the Slime Pits.
 25059 | Lair:5   | Noticed a dire elephant
 25059 | Lair:5   | Noticed a dire elephant
 25067 | Lair:5   | Offered knowledge of Arcjolt by Vehumet.
 25848 | Lair:5   | Noticed a dire elephant
 25856 | Lair:5   | Killed a dire elephant
 26487 | Lair:5   | Got Kikubaaqudgh's Guidebook on Stolen Souls
 26536 | Lair:5   | Killed a dire elephant
 26659 | Lair:5   | Killed a dire elephant
 26790 | Lair:5   | Reached skill level 10 in Spellcasting
 26826 | Lair:5   | Identified the +1 robe "Imeozoum" {Regen+}
 27387 | D:13     | Found a gate to the Vaults.
 27827 | D:13     | Reached XP level 15. HP: 98/98 MP: 19/29
 27982 | D:13     | Identified the +8 trident "Sohugg" {pain, +Blink Will+
                  | Int+4 SInv}
 28813 | D:14     | Reached skill level 1 in Polearms
 29007 | D:14     | Offered knowledge of Eringya's Noxious Bog by Vehumet.
 29016 | D:14     | Reached skill level 15 in Earth Magic
 29401 | D:14     | Noticed Snorg
 29551 | D:13     | Killed Snorg
 30474 | D:14     | Reached skill level 1 in Shields
 30767 | D:15     | Entered Level 15 of the Dungeon
 31301 | D:15     | Noticed Azrael
 31474 | D:15     | Killed Azrael
 31598 | D:15     | Noticed an emperor scorpion
 31618 | D:15     | Killed an emperor scorpion
 33269 | D:15     | Found a staircase to the Depths.
 33401 | Orc:1    | Entered Level 1 of the Orcish Mines
 33413 | D:11     | Reached skill level 10 in Dodging
 34097 | Orc:1    | Found Lyxag's Weapon Emporium.
 34778 | Orc:2    | Entered Level 2 of the Orcish Mines
 34874 | Orc:2    | Found a staircase to the Elven Halls.
 35030 | Orc:2    | Found a dark tunnel.
 35039 | Volcano  | Entered a volcano
 35060 | Volcano  | Found a bloodstained altar of Trog.
 35064 | Volcano  | Identified the +0 hat of Hadjma {Fly}
 36057 | Orc:2    | Reached XP level 16. HP: 105/105 MP: 23/30
 36293 | Orc:2    | Reached skill level 16 in Earth Magic
 36705 | Orc:2    | Found Donwo's Book Boutique.
 36705 | Orc:2    | Found Eluu's Antique Armour Shoppe.
 36818 | Orc:2    | Found Adostric's Distillery.
 36818 | Orc:2    | Found Zunaxzim's Assorted Antiques.
 36995 | Shoals:1 | Entered Level 1 of the Shoals
 37765 | Shoals:1 | Noticed Mlioglotl
 37787 | Shoals:1 | Noticed a tentacled starspawn
 37889 | Shoals:1 | Killed Mlioglotl
 37911 | Shoals:1 | Found a flickering gateway to a bazaar.
 37916 | Bazaar   | Entered a bazaar
 37916 | Bazaar   | Found Xotiaff's Antique Weapon Emporium.
 37916 | Bazaar   | Found Veushutt's Book Shoppe.
 37916 | Bazaar   | Found Xiodwy's Book Shoppe.
 37916 | Bazaar   | Found Fulo's Antique Weapon Emporium.
 37916 | Bazaar   | Found Sifot's Jewellery Emporium.
 37916 | Bazaar   | Found Esoethria's Magic Scroll Shoppe.
 38129 | Bazaar   | Bought a book of Annihilations for 540 gold pieces
 38133 | Bazaar   | Bought a scroll of amnesia for 44 gold pieces
 38133 | Bazaar   | Bought a scroll of teleportation for 33 gold pieces
 39805 | Shoals:2 | Reached skill level 5 in Shields
 39811 | Shoals:2 | Offered knowledge of Lightning Bolt by Vehumet.
 39828 | Shoals:2 | Shot with an arrow by a satyr

Illustrated notes

Levels and vault maps discovered:
D:1:      spicycebolla_arrival_risky_transporter, layout_loops_ring,
          shapermc_ecumenical_altar_petra
D:2:      layout_loops_ring, uniq_jessica
D:3:      layout_basic, cheibrodos_sewer_entry_sluice, uniq_natasha
D:4:      layout_rooms
D:5:      layout_basic, uniq_grinder, uniq_ijyb
D:6:      layout_basic, tso_altar, minmay_temple_entry_glassed_door,
          ebering_ghost_sewer_d, corexii_hall_statues_i, roderic_batcave,
          nicolae_shop_firing_range
D:7:      layout_cave_pools, nicolae_overflow_hidden_temple,
          nicolae_overflow_crystal_walls, nicolae_hepliaklqana_hippocampus,
          uniq_pikel
D:8:      layout_loops_ring, dk_noncrumbling_4, uniq_grum
D:9:      layout_long_grid, nicolae_qazlal_general_emergency,
          gammafunk_ghost_berserking_beasts, serial_shops, shop,
          grunt_decor_cap, uniq_joseph
D:10:     layout_rooms, tgw_kikubaaqudgha, grunt_lair_entry_orc_guard_hut,
          minmay_diamond_spiral
D:11:     layout_cave_pools, david_orc_5, uniq_lodul
D:12:     layout_cave_pods
D:13:     nicolae_cairo_tiling_very_big, layout_long_grid, david_vaults_4,
          kennysheep_generic_room_16
D:14:     layout_small_grid, serial_park_paths [serial_park_minivault_5x5_7],
          serial_park_tiny_2, minmay_joined_circles, uniq_snorg
D:15:     hangedman_depths_entry_try_elsewhere_first, layout_gridville,
          serial_demonic, serial_demonic_a, serial_demonic_d, serial_demonic_a,
          serial_demonic_f, minmay_crystal_water,
          minmay_misc_feat_secret_circle, uniq_azrael
Temple:   regret_index_temple_sphere_string
Lair:1:   layout_cave_pods, beast_lair_carwin_9, infiniplex_staircase_pool,
          uniq_maggie
Lair:2:   layout_loops_ring, minmay_shoals_entry_hut,
          guppyfry_snake_entry_island, basic_altar, lemuel_fruit_fields
Lair:3:   layout_regular_city, basic_altar, portal_ice_cave_rime, uniq_nessos
Lair:4:   layout_long_grid
Lair:5:   due_jungle_book, layout_small_grid, minmay_slime_entry_oklob_open
Shoals:1: layout_shoals, serial_shops, bzr_entry_road, uniq_mlioglotl
Shoals:2: cheibrodos_shoals_satyrical_garden, layout_shoals
Orc:1:    layout_caves, serial_shops, shop
Orc:2:    grunt_orc_tribal_feast, layout_diamond_mine,
          nicolae_volcano_entry_lava_flow

Skill      XL: |  1  2  3  4  5  6  7  8  9 10 11 12 13 14 15 16 |
---------------+-------------------------------------------------+-----
Fighting       | 1 2 3 4 6 7 8 9 10 12 13 14 | 14.0
Conjurations   | 1 2 3 4 6 7 8 10 11 12 13 14 | 14.2
Earth Magic    | 4 5 6 7 8 10 11 12 13 14 15 16 | 16.9
Spellcasting   | 3 4 5 6 7 8 9 10 11 | 11.0
Armour         | 2 3 5 6 |  6.6
Dodging        | 3 4 6 7 8 9 10 | 10.2
Polearms       | 3 |  3.5
Shields        | 3 5 |  5.0
Stealth        | |  2.1
Transmutations | |  0.7

Action                   |  1- 3 |  4- 6 |  7- 9 | 10-12 | 13-15 | 16-18 || total
-------------------------+-------+-------+-------+-------+-------+-------++-------
Melee: Short sword       |     4 |       |       |       |       |       ||     4
       Unarmed           |     2 |       |       |       |       |       ||     2
       Spear             |    23 |    32 |    39 |       |       |       ||    94
       Hand axe          |       |       |     2 |   102 |   424 |       ||   528
       Staff             |       |       |       |     4 |    32 |       ||    36
       Punch             |       |       |       |     1 |    11 |       ||    12
       Whip              |       |       |       |       |    21 |       ||    21
       Trident           |       |       |       |       |   167 |   137 ||   304
 Cast: Sandblast         |    30 |    87 |   180 |   132 |    46 |     6 ||   481
       Stone Arrow       |       |       |     2 |   204 |   231 |    33 ||   470
       Searing Ray       |       |       |       |     3 |       |       ||     3
       Passwall          |       |       |       |     1 |       |       ||     1
       Iron Shot         |       |       |       |     1 |   313 |    97 ||   411
 Abil: Evoke Blink       |       |       |       |     3 |       |       ||     3
  Use: Scroll            |       |     6 |    10 |     5 |    10 |     1 ||    32
       Potion            |       |     1 |     1 |     1 |     3 |     1 ||     7
 Stab: Sleeping          |     1 |     2 |       |     1 |       |       ||     4
Armor: Robe              |     6 |    29 |    51 |       |   100 |       ||   186
       Leather armour    |       |       |    18 |   131 |   324 |       ||   473
       Steam dragon scal |       |       |       |    14 |       |       ||    14
       Ring mail         |       |       |       |       |    92 |       ||    92
       Troll leather arm |       |       |       |       |   121 |   139 ||   260
Dodge: Dodged            |    18 |    49 |   114 |   238 |   707 |   154 ||  1280
Block: Other             |       |       |       |    66 |    47 |       ||   113
       Reflection        |       |       |       |     2 |       |       ||     2
       Kite shield       |       |       |       |       |    62 |   115 ||   177

Table legend: (Time is in decaauts)
 A = Elapsed time spent in this place.
 B = Non-inter-level travel time spent in this place.
 C = Inter-level travel time spent in this place.
 D = Time resting spent in this place.
 E = Time spent auto-exploring this place.
 F = Levels seen in this place.
 G = Mean time per level.
                   A        B        C        D        E       F      G
               +--------+--------+--------+--------+--------+-----+--------+
         Total |  40427 |  39240 |   1187 |  14609 |  18119 |  29 | 1394.0 |
       Dungeon |  22156 |  21408 |    748 |   7561 |  10573 |  15 | 1477.1 |
        Temple |    161 |    126 |     35 |      0 |    102 |   1 |  161.0 |
          Lair |  10802 |  10485 |    317 |   3813 |   5064 |   5 | 2160.4 |
        Shoals |   2328 |   2304 |     24 |    673 |   1164 |   2 | 1164.0 |
  Orcish Mines |   2585 |   2523 |     62 |   1175 |    880 |   2 | 1292.5 |
        Bazaar |    228 |    228 |      0 |    185 |     18 |   1 |  228.0 |
         Sewer |    699 |    699 |      0 |    423 |    148 |   1 |  699.0 |
      Ice Cave |    867 |    867 |      0 |    539 |      0 |   1 |  867.0 |
       Volcano |    598 |    598 |      0 |    240 |    169 |   1 |  598.0 |
               +--------+--------+--------+--------+--------+-----+--------+

Top non-repeatable levels by time:
  Lair:5: 3334 daAuts
    D:10: 2444 daAuts
  Lair:2: 2358 daAuts
    D:13: 2284 daAuts
Shoals:1: 2277 daAuts
    D:15: 2129 daAuts
  Lair:4: 1919 daAuts
    D:12: 1917 daAuts
    D:14: 1851 daAuts
  Lair:1: 1823 daAuts
    D:11: 1648 daAuts
     D:6: 1419 daAuts
   Orc:1: 1418 daAuts
     D:1: 1373 daAuts
  Lair:3: 1365 daAuts
